 Dungeon Crawl Stone Soup version 0.16-a0-4115-ga5ed934 (webtiles) character file.

170 toofou the Skirmisher (level 5, 0/48 HPs)
             Began as a Minotaur Berserker on Mar 1, 2015.
             Was a Priest of Trog.
             Succumbed to an orc's poison
             ... on level 3 of the Dungeon.
             The game lasted 00:07:52 (2170 turns).

toofou the Skirmisher (Minotaur Berserker)          Turns: 2170, Time: 00:07:53

Health: 0/48       AC:  8    Str: 23    XL:     5   Next: 25%
Magic:  2/2        EV:  9    Int:  4    God:    Trog [***...]
Gold:   171        SH:  0    Dex:  9    Spells: 0 memorised, 4 levels left

rFire  . . .     SeeInvis .     a - +0 falchion
rCold  . . .     Clarity  .     v - +0 chain mail
rNeg   . . .     SustAb   .     (no shield)
rPois  .         Gourm    .     (helmet restricted)
rElec  .         Spirit   .     (no cloak)
rCorr  .         Warding  .     (no gloves)
rMut   .         Stasis   .     (no boots)
MR     .....                    (no amulet)
Stlth  ..........               (no ring)
                                (no ring)

@: lethally poisoned (0 -> -35), not resistant to hostile enchantments,
extremely unstealthy
A: retaliatory headbutt, horns 2
a: Burn Spellbooks, Berserk, Trog's Hand, Renounce Religion


You were on level 3 of the Dungeon.
You worshipped Trog.
Trog was most pleased with you.
You were not hungry.

You visited 1 branch of the dungeon, and saw 3 of its levels.

You collected 171 gold pieces.

Inventory:

Hand weapons
 a - a +0 falchion (weapon)
 r - a +3 quarterstaff of chaos
 s - a +0 hammer
Armour
 b - a +0 animal skin
 t - a +0 scale mail
 v - a +0 chain mail (worn)
Jewellery
 m - an uncursed ring of poison resistance {unknown}
Scrolls
 d - a scroll of random uselessness {unknown}
 e - a scroll of fear {unknown}
 f - 3 scrolls of identify
 h - 2 scrolls of blinking {unknown}
 j - 3 scrolls of recharging
 p - a scroll of amnesia {unknown}
 q - 2 scrolls of teleportation
 u - a scroll of magic mapping {unknown}
Potions
 g - a potion of magic {unknown}
 k - a potion of flight {unknown}
 n - a potion of brilliance {unknown}
 o - a potion of heal wounds {unknown}
Comestibles
 c - 3 bread rations
 i - a meat ration
 l - 3 fruits


   Skills:
 + Level 5.1 Fighting
 + Level 4.5 Long Blades
 + Level 2.5 Armour
 + Level 4.2 Dodging
 + Level 0.5 Stealth


You had 4 spell levels left.
You didn't know any spells.

Dungeon Overview and Level Annotations

Branches:
Dungeon (3/15)

Altars:
Ashenzari
Okawaru


Innate Abilities, Weirdness & Mutations

You reflexively headbutt those who attack you in melee.
You have a pair of horns on your head.


Message History

You closely miss the orc. You headbutt the orc, but do no damage.
The orc is moderately wounded.
* * * LOW HITPOINT WARNING * * *
You feel sick. The orc hits you but does no damage.
You are more poisoned.
The orc hits you but does no damage.
You hit the orc but do no damage.
The orc is moderately wounded.
* * * LOW HITPOINT WARNING * * *
You feel sick. The orc hits you but does no damage.
You are more poisoned.
The orc hits you but does no damage.
You hit the orc but do no damage.
The orc is moderately wounded.
* * * LOW HITPOINT WARNING * * *
You feel very sick.
The orc hits you with a short sword of venom.
* * * LOW HITPOINT WARNING * * *
You are more poisoned.
You die...

#.# #...## #.# ##.##
#.# #.#########.#
####.####.#.........#
...............#####
###########.##.#
##.##.# #######...#.#
........@...#
#######o[.### ##o##
#.# ..# ..# #..# #..#
#..#


You could see 2 orcs.

Vanquished Creatures
  Crazy Yiuf (D:2)
  An orc priest (D:3)
  Natasha (D:3)
  Robin (D:3)
  An adder (D:2)
  A giant gecko (D:1)
  7 orcs (D:3)
  3 bats
  2 giant cockroaches
  15 goblins
  13 hobgoblins
  A ball python (D:2)
  2 giant newts (D:1)
  4 jackals (D:1)
  6 kobolds
  6 rats
  A bush (D:2)
  2 fungi (D:2)
68 creatures vanquished.

Notes
Turn   | Place    | Note
--------------------------------------------------------------
     0 | D:1      | toofou, the Minotaur Berserker, began the quest for the Orb.
     0 | D:1      | Reached XP level 1. HP: 19/19 MP: 1/1
   103 | D:1      | Reached skill level 4 in Fighting
   135 | D:1      | Reached XP level 2. HP: 24/27 MP: 1/1
   402 | D:1      | Acquired Trog's second power
   661 | D:2      | Found a shattered altar of Ashenzari.
   690 | D:2      | Reached XP level 3. HP: 33/33 MP: 2/2
  1070 | D:2      | Found an iron altar of Okawaru.
  1280 | D:2      | Noticed Crazy Yiuf
  1288 | D:2      | Killed Crazy Yiuf
  1288 | D:2      | Reached XP level 4. HP: 10/41 MP: 2/2
  1745 | D:3      | Noticed Robin
  1924 | D:3      | Killed Robin
  2042 | D:3      | Reached skill level 5 in Fighting
  2049 | D:3      | Reached XP level 5. HP: 25/48 MP: 2/2
  2094 | D:3      | Noticed Natasha
  2104 | D:3      | Killed Natasha
  2170 | D:3      | Succumbed to an orc's poison

Action                   |  1- 3 |  4- 6 || total
-------------------------+-------+-------++-------
Melee: Falchion          |    85 |   134 ||   219
  Use: Scroll            |       |     2 ||     2
  Eat: Bread ration      |       |     1 ||     1
